 Dungeon Crawl Stone Soup version 0.26-a0-712-ga5a9c9c9d0 (webtiles) character file.

Game seed: 4939747784710158075

151 Apogee the Chucker (level 5, -4/55 HPs)
             Began as an Ogre Hunter on Nov 2, 2020.
             Killed from afar by an orc wizard (6 damage)
             ... with a puff of frost
             ... on level 3 of the Dungeon.
             The game lasted 00:05:31 (2753 turns).

Apogee the Chucker (Ogre Hunter)                    Turns: 2753, Time: 00:05:31

Health: -4/55      AC:  3    Str: 16    XL:     5   Next: 33%
Magic:  5/5        EV: 10    Int: 13    God:
Gold:   123        SH:  0    Dex:  9    Spells: 4/4 levels left

rFire    . . .     SeeInvis .   q - +0 whip
rCold    . . .     Faith    .   (no shield)
rNeg     . . .     Spirit   .   i - +0 robe {MR+}
rPois    .         Reflect  .   (helmet restricted)
rElec    .         Harm     .   (no cloak)
rCorr    .         Rampage  .   (gloves unavailable)
MR       +....                  (boots unavailable)
Stlth    +.........             (no amulet)
HPRegen  0.18/turn              (no ring)
MPRegen  0.09/turn              (no ring)

@: brilliant
A: large, unfitting armour, tough skin 1
a: no special abilities


You were on level 3 of the Dungeon.
You visited 1 branch of the dungeon, and saw 3 of its levels.

You collected 123 gold pieces.

Inventory:

Hand Weapons
 a - a +0 short sword
 e - a +0 mace
   (You found it on level 1 of the Dungeon)
 q - a +0 whip (weapon)
   (You took it off a kobold on level 2 of the Dungeon)
Missiles
 d - a throwing net (quivered) {!f}
 o - 3 stones
 p - 2 boomerangs
Armour
 b - a +0 robe
 i - a +0 robe of magic resistance (worn)
   (You found it on level 1 of the Dungeon)
Jewellery
 g - an uncursed amulet of guardian spirit {unknown}
   (You found it on level 1 of the Dungeon)
Scrolls
 h - 2 scrolls of identify {unknown}
 k - a scroll of fog {unknown}
 m - a scroll of remove curse {unknown}
Potions
 f - a potion of mutation {unknown}
 j - 2 potions of heal wounds {unknown}
 n - 2 potions of curing {unknown}


   Skills:
 + Level 4.3 Fighting
 - Level 2.3 Maces & Flails
 * Level 5.0 Throwing
 - Level 1.7 Dodging
 - Level 0.6 Stealth


You had 4 spell levels left.
You didn't know any spells.
Your spell library contained the following spells:

 Spells                   Type           Power        Failure   Level
 Confusing Touch          Hex            #.......     67%         3
 Gell's Gravitas          Tloc           #.........   67%         3
 Petrify                  Tmut/Erth      #.......     97%         4
 Metabolic Englaciation   Hex/Ice        #.........   100%        5
 Yara's Violent Unravell  Hex/Tmut       #.........   100%        5


Dungeon Overview and Level Annotations

Branches:
Dungeon (3/15)

Altars:
Trog


Innate Abilities, Weirdness & Mutations

You are too large for most types of armour.
You have tough skin. (AC +1)


Message History

The throwing net {!f} hits the orc wizard.
The orc wizard is caught in the net!
The orc wizard struggles against the net.
A kobold comes into view. It is wielding a +0 short sword.
You are too injured to fight recklessly!
You are too injured to fight recklessly!
You are too injured to fight recklessly!
You hit the orc wizard but do no damage.
The orc wizard struggles against the net.
An orc comes into view. It is wielding a -3 mace.
You strike the helpless orc wizard from behind!
You hit the orc wizard.
The orc shouts!
The orc wizard struggles against the net.
The orc wizard casts a spell.
The orc wizard flickers and vanishes!
Deactivating autopickup; reactivate with Ctrl-A.
Something wriggles in the net.
All of a sudden the net rips apart!
You closely miss something. You barely miss something.
You hear some strange, mumbled words.
A magic dart appears from out of thin air!
The magic dart hits you.
* * * LOW HITPOINT WARNING * * *
A dart slug comes into view.
The orc barely misses you. Something hits you.
* * * LOW HITPOINT WARNING * * *
You see here a large rock.
You barely miss the orc. Something hits you.
* * * LOW HITPOINT WARNING * * *
The orc hits you with a +0 short sword.
* * * LOW HITPOINT WARNING * * *
Something hits you.
* * * LOW HITPOINT WARNING * * *
Unknown command.
You closely miss something. The orc hits you but does no damage.
Something hits you.
* * * LOW HITPOINT WARNING * * *
Unknown command.
It was a potion of brilliance.
You feel clever all of a sudden.
The kobold throws a stone.
The stone closely misses you. The orc hits you with a +0 short sword.
* * * LOW HITPOINT WARNING * * *
You hear some strange, mumbled words.
A puff of frost appears from out of thin air!
The puff of frost hits you.
You die...

...# ..≈# .... w..
.........#.####..
............#.##(..
........>.......oo
..............##o#
..............##@# #
...............{.#.##
............####.K..#§.
#.†........#..........
..#.#.....##.(.....##≈!≈
#........####......# §.
..####.............# .#
###....####..## #
#.....# #....


You could see a dart slug, 3 orcs and a kobold.

Vanquished Creatures
  A worker ant (D:3)
  3 gnolls (D:2)
  2 adders (D:2)
  2 oozes
  A worm (D:2)
  A dart slug (D:3)
  4 leopard geckos
  An orc (D:2)
  A ball python (D:1)
  10 bats
  A giant cockroach (D:1)
  5 goblins
  7 hobgoblins
  4 jackals (D:2)
  12 kobolds
  2 quokkas
  A frilled lizard (D:1)
  6 rats
64 creatures vanquished.

Notes
Turn   | Place    | Note
-------+----------+-------------------------------------------
     0 | D:1      | Apogee the Ogre Hunter began the quest for the Orb.
     0 | D:1      | Reached XP level 1. HP: 22/22 MP: 1/1
   156 | D:1      | Reached skill level 1 in Maces & Flails
   156 | D:1      | Reached XP level 2. HP: 20/31 MP: 2/2
   711 | D:1      | Reached XP level 3. HP: 37/37 MP: 3/3
  1217 | D:2      | Found a bloodstained altar of Trog.
  1803 | D:2      | Reached XP level 4. HP: 43/46 MP: 4/4
  2412 | D:3      | Reached XP level 5. HP: 48/54 MP: 5/5
  2455 | D:3      | Reached skill level 5 in Throwing
  2753 | D:3      | HP: 2/55 [orc/+0 short sword (3)]
  2753 | D:3      | Killed from afar by an orc wizard

Illustrated notes

Levels and vault maps discovered:
D:1:      wander_arrival_desolate, layout_basic
D:2:      layout_basic, bloody_trog
D:3:      layout_rooms, nicolae_ru_the_path_less_chosen, portal_sewer_entry_e,
          moated_statue, kennysheep_crisscross

Skill      XL: |  1  2  3  4  5 |
---------------+----------------+-----
Fighting       | 3 4 |  4.3
Maces & Flails | 1 2 |  2.3
Throwing       | 5 |  5.0
Dodging        | |  1.7
Stealth        | |  0.6

Action                   |  1- 3 |  4- 6 || total
-------------------------+-------+-------++-------
Melee: Mace              |    79 |       ||    79
       Short sword       |     6 |       ||     6
       Whip              |     5 |   116 ||   121
Throw: Large rock        |     2 |     6 ||     8
       Boomerang         |     6 |    16 ||    22
       Stone             |       |     7 ||     7
       Throwing net      |       |     1 ||     1
  Use: Potion            |       |     1 ||     1
 Stab: Sleeping          |     1 |       ||     1
       Held in net/web   |       |     1 ||     1
Armor: Robe              |    39 |    32 ||    71
Dodge: Dodged            |    70 |    60 ||   130

Table legend: (Time is in decaauts)
 A = Elapsed time spent in this place.
 B = Non-inter-level travel time spent in this place.
 C = Inter-level travel time spent in this place.
 D = Time resting spent in this place.
 E = Time spent auto-exploring this place.
 F = Levels seen in this place.
 G = Mean time per level.
                   A        B        C        D        E       F      G
               +--------+--------+--------+--------+--------+-----+--------+
         Total |   2789 |   2663 |    126 |    443 |   1659 |   3 |  929.7 |
       Dungeon |   2789 |   2663 |    126 |    443 |   1659 |   3 |  929.7 |
               +--------+--------+--------+--------+--------+-----+--------+

Top non-repeatable levels by time:
     D:1: 1376 daAuts
     D:2: 1092 daAuts
     D:3: 320 daAuts
